 Dungeon Crawl Stone Soup version 0.25-a0-504-g768f60da87 (webtiles) character file.

Game seed: 6058898726352069765, levelgen mode: deterministic

47838 ICC the Jinx (level 14, -2/74 HPs)
             Began as a Vampire Fire Elementalist on Feb 14, 2020.
             Was an Initiate of Gozag.
             Killed from afar by an azure jelly (18 damage)
             ... with an exploding inner flame
             ... hexed by the player character
             ... on level 1 of the Pits of Slime.
             The game lasted 02:44:37 (20860 turns).

ICC the Jinx (Vampire Fire Elementalist)           Turns: 20860, Time: 02:44:38

Health: -2/74      AC:  5    Str:  5    XL:     14   Next: 10%
Magic:  4/26       EV: 19    Int: 30    God:    Gozag
Gold:   3214       SH:  6    Dex: 17    Spells: 6/29 levels left

rFire    + + .     SeeInvis +   N - +9 flail "Ere Ink" {drain, rF++}
rCold    + + +     Gourm    .   M - +1 buckler {reflect}
rNeg     + + +     Faith    .   W - +2 robe of Pialystuff {+Fly rC++ Int+4 Dex+2}
rPois    ∞         Spirit   .   s - -2 helmet of Salvation {-Tele +Inv rPois MR++ rCorr}
rElec    .         Reflect  +   (no cloak)
rCorr    +         Harm     +   I - +2 pair of gloves
MR       +++..     NoTele   +   (no boots)
Stlth    ++++......             a - amulet of harm
HPRegen  0.00/turn              y - +2 ring of intelligence
MPRegen  0.20/turn              V - ring "Zaomuj" {rPois rC+ Int+2}

@: bloodless, studying Charms
A: no food, fangs 3, see invisible, deformed body, weak 1, unbreathing
a: Bat Form, Revivify, Potion Petition, Call Merchant, Bribe Branch, Renounce
Religion, Evoke Invisibility, Evoke Flight


You were on level 1 of the Pits of Slime.
You worshipped Gozag.
Gozag was most pleased with you.
You were bloodless.

You visited 4 branches of the dungeon, and saw 21 of its levels.
You also visited: Bailey.

You collected 9225 gold pieces.
You spent 4585 gold pieces at shops.
You paid 1426 gold pieces to Gozag.

Inventory:

Hand Weapons
 B - the +6 rapier of Distant Shores {pain, rPois rF+ rC+ SInv}
   (You bought it in a shop on level 4 of the Dungeon)

   In the hands of one skilled in necromantic magic, it inflicts extra damage on
   living creatures.
   It protects you from fire.
   It protects you from cold.
   It protects you from poison.
   It lets you see invisible.
 N - the +9 flail "Ere Ink" (weapon) {drain, rF++}
   (You found it on level 1 of the Lair of Beasts)

   A truly terrible weapon, it drains the life of those it strikes.
   It greatly protects you from fire.
Missiles
 b - 11 poisoned darts
 u - 10 curare-tipped darts
 C - 90 boomerangs (quivered)
 T - a throwing net
Armour
 e - the +6 plate armour of the Cricket {Regen+}
   (You found it on level 6 of the Lair of Beasts)

   It increases your rate of regeneration.
   If you switch to wearing this armour, your AC will increase by 8 (5 -> 13).
 s - the -2 helmet of Salvation (worn) {-Tele +Inv rPois MR++ rCorr}
   (You found it on level 5 of the Dungeon)

   It protects you from poison.
   It affects your resistance to hostile enchantments.
   It lets you turn invisible.
   It prevents most forms of teleportation.
   It provides partial protection from all sources of acid and corrosion.
   If you remove this armour, your AC will increase by 1 (5 -> 6).
 I - a +2 pair of gloves (worn)
 M - a +1 buckler of reflection (worn)
 W - the +2 robe of Pialystuff (worn) {+Fly rC++ Int+4 Dex+2}
   (You bought it in a shop on level 10 of the Dungeon)

   It affects your intelligence (+4).
   It affects your dexterity (+2).
   It greatly protects you from cold.
   It lets you fly.
   If you remove this armour, your AC will decrease by 3 (5 -> 2).
Magical Staves
 P - an uncursed staff of air
Jewellery
 a - an amulet of harm (around neck)
 y - a +2 ring of intelligence (left hand)
 S - a +4 ring of strength
 V - the ring "Zaomuj" (right hand) {rPois rC+ Int+2}
   (You found it on level 4 of the Lair of Beasts)

   [ring of poison resistance]

   It affects your intelligence (+2).
   It protects you from cold.
   It protects you from poison.
Wands
 d - a wand of clouds (5)
 g - a wand of iceblast (8)
 F - a wand of random effects (43)
 J - a wand of acid (7)
Scrolls
 c - 14 scrolls of remove curse
 f - 4 scrolls of random uselessness {unknown}
 i - 5 scrolls of enchant armour {unknown}
 j - 5 scrolls of fog {unknown}
 k - 5 scrolls of magic mapping {unknown}
 p - 6 scrolls of teleportation
 q - 3 scrolls of immolation
 t - 4 scrolls of fear
 v - 3 scrolls of amnesia
 H - 2 scrolls of blinking
 R - 5 scrolls of enchant weapon {unknown}
Potions
 h - a potion of degeneration {unknown}
 l - 3 potions of might
 m - 3 potions of magic
 o - 10 potions of mutation
 x - 3 potions of flight
 z - 11 potions of curing
 D - 3 potions of agility
 E - a potion of haste
 G - a potion of brilliance
Books
 L - a manual of Charms


   Skills:
 - Level 3.0 Fighting
 - Level 10.0 Dodging
 - Level 3.0 Stealth
 - Level 4.0 Shields
 - Level 8.0 Spellcasting
 + Level 8.3 Conjurations
 - Level 13.0 Hexes
 + Level 11.0 Charms
 + Level 7.9 Fire Magic
 + Level 10.6 Ice Magic


You had 6 spell levels left.
You knew the following spells:

 Your Spells              Type           Power        Failure   Level  Hunger
a - Foxfire               Conj/Fire      ####         1%          1    N/A
b - Dazzling Flash        Conj/Hex       ######       1%          3    N/A
c - Tukima's Dance        Hex            ######..     1%          3    N/A
d - Ensorcelled Hibernat  Hex/Ice        ######       1%          2    N/A
e - Hailstorm             Conj/Ice       ######..     1%          4    N/A
f - Ring of Flames        Chrm/Fire      ######....   58%         7    N/A
z - Inner Flame           Hex/Fire       ######..     1%          3    N/A

Your spell library contained the following spells:

 Spells                   Type           Power        Failure   Level  Hunger
 Corona                   Hex            ######.      1%          1    N/A
 Freeze                   Ice            ####         1%          1    N/A
 Confusing Touch          Hex            ######..     1%          3    N/A
 Conjure Flame            Conj/Fire      ######..     1%          3    N/A
 Frozen Ramparts          Ice            ######       1%          3    N/A
 Ozocubu's Armour         Chrm/Ice       ######..     1%          3    N/A
 Sticky Flame             Conj/Fire      ######..     1%          4    N/A
 Summon Butterflies       Summ           ##......     4%          1    N/A
 Ignite Poison            Fire/Tmut/Pois ####....     4%          3    N/A
 Summon Ice Beast         Ice/Summ       #####...     4%          4    N/A
 Fireball                 Conj/Fire      ######....   4%          5    N/A
 Summon Mana Viper        Hex/Summ       ######..     9%          5    N/A
 Call Canine Familiar     Summ           ##......     13%         3    N/A
 Starburst                Conj/Fire      ######....   24%         6    N/A
 Summon Hydra             Summ           ##........   100%        7    N/A
 Ignition                 Fire           ######....   100%        8    N/A

Dungeon Overview and Level Annotations

Branches:
Dungeon (13/15)            Temple (1/1) D:4            Lair (6/6) D:8
  Swamp (0/4) Lair:3       Spider (0/4) Lair:3        Slime (1/5) Lair:6
    Orc (0/2) D:12         Bailey (visited)
 Vaults: D:13-14

Altars:
Ashenzari
Cheibriados
Dithmenos
Elyvilon
Fedhas
Gozag
Hepliaklqana
Kikubaaqudgha
Makhleb
Nemelex Xobeh
Okawaru
Qazlal
Ru
Sif Muna
Trog
Uskayaw
Vehumet
Wu Jian
Xom
Yredelemnul
Zin
The Shining One

Shops:
D:4 (   D:10 [   Lair:1 :

Annotations:
D:8 2 transporters, Psun's ghost, novice DDAs


Innate Abilities, Weirdness & Mutations

You do not eat.
You do not regenerate when monsters are visible.
You are frail without blood (-20% HP).
You can heal yourself when you bite living creatures.
You are immune to poison.
You have razor-sharp teeth.
You have supernaturally acute eyesight. (SInv)
You can survive without breathing.
Armour fits poorly on your strangely shaped body.
You are weak. (Str -2)


Message History

You feel much better.
The azure jelly hits you but does no damage. x2
The azure jelly closely misses you. x2
The azure jelly hits you but does no damage.
The azure jelly hits you!
* * * LOW HITPOINT WARNING * * *
The azure jelly freezes you. You resist.
* * * LOW HITPOINT WARNING * * *
The azure jelly misses you.
The azure jelly hits you but does no damage.
You hit the azure jelly but do no damage.
Flame seeps out of the azure jelly.
You drain the azure jelly.
The azure jelly is almost dead.
The azure jelly is engulfed in blazing flames.
The azure jelly explodes!
The fiery explosion engulfs the eye of draining!
The eye of draining is almost dead.
The fiery explosion engulfs you! You resist.
You die...
Your body crumbles into a pile of gold.

##.#.####........v§.... ..
#.....##........§...... #...
##..#..#..........$.....
.....#...#.......####.##....$
....##.#........# ### #....
......#.........## .G..
....#..........### ...
....#..#........### ..
...........§G@....## #.
...........§○§.....#
.............§....##
.#...................
..............#......
........>......#.##.#
##.........#..#### ##
#######.###### ###


You could see an eye of draining.

Vanquished Creatures
  3 hydras
  A centaur warrior (D:13)
  2 two-headed ogres
  An orc knight (Bailey)
  2 shining eyes (Slime:1)
  A deep elf mage (D:12)
  2 oklob plants (Lair:2)
  2 cyclopes (D:12)
  3 black mambas
  7 elephants
  2 centaur zombies
  9 spiny frogs
  Maggie (Lair:2)
  A rime drake (Lair:5)
  10 komodo dragons
  A troll (D:11)
  4 hornets
  3 polar bears (Lair:6)
  7 dream sheep
  6 slime creatures (D:12)
  13 blink frogs
  6 hippogriffs
  A water elemental (D:11)
  11 spriggans (Lair:6)
  A dancing weapon (D:7)
  44 yaks
  2 wyverns (D:12)
  6 basilisks
  2 hungry ghosts (D:12)
  3 vampire mosquitoes (Lair:6)
  5 insubstantial wisps
  An acid dragon (D:11)
  A soldier ant (D:9)
  7 porcupines
  6 water moccasins
  A swamp drake (Lair:6)
  Duvessa (D:5)
  5 orc warriors
  3 sky beasts
  4 ice beasts
  6 black bears
  4 phantoms
  15 centaurs
  5 boggarts (Lair:6)
  3 ogres
  2 eyes of draining
  30 wolves
  2 big kobolds
  7 crocodiles
  18 bullfrogs
  A gnoll sergeant (D:7)
  Dowan (D:5)
  3 scorpions
  8 killer bees
  4 howler monkeys
  An electric eel (D:11)
  2 crimson imps
  A quasit (D:3)
  8 orc priests
  2 bullfrog skeletons (D:7)
  5 hounds
  2 jellies (D:10)
  A centaur skeleton (D:7)
  6 orc wizards
  9 iguanas
  Natasha (thrice) (D:2)
  5 worker ants
  A killer bee zombie (D:5)
  A hound skeleton (D:10)
  A hound zombie (D:11)
  Robin (D:1)
  3 howler monkey zombies (D:8)
  A worker ant zombie (D:5)
  A howler monkey skeleton (D:6)
  10 adders
  14 gnolls
  3 shadow imps
  An ooze (D:2)
  An adder zombie (D:7)
  3 adder skeletons
  6 worms
  3 dart slugs
  8 leopard geckos
  57 orcs
  A ball python (D:5)
  6 giant cockroaches
  12 goblins
  25 hobgoblins
  16 jackals
  4 quokkas
  3 bats
  7 frilled lizards
  25 kobolds
  A leopard gecko zombie (D:6)
  9 rats
  A bush (Lair:4)
  A foxfire (Lair:2)
  12 fungi
  4 plants
587 creatures vanquished.

Vanquished Creatures (collateral kills)
  A two-headed ogre (D:10)
  An ogre (D:7)
  2 gnolls
4 creatures vanquished.

Vanquished Creatures (others)
  1306 foxfires
  8 fungi
  3 plants
1317 creatures vanquished.

Grand Total: 1908 creatures vanquished

Notes
Turn   | Place    | Note
-------+----------+-------------------------------------------
     0 | D:1      | ICC the Vampire Fire Elementalist began the quest for the
                  | Orb.
     0 | D:1      | Reached XP level 1. HP: 13/13 MP: 3/3
    62 | D:1      | Reached skill level 1 in Conjurations
   113 | D:1      | Reached XP level 2. HP: 19/19 MP: 3/5
   707 | D:2      | Noticed Robin
   716 | D:2      | Reached XP level 3. HP: 24/24 MP: 3/7
   886 | D:1      | Killed Robin
   982 | D:2      | Noticed Natasha
   995 | D:2      | Killed Natasha
   995 | D:2      | Reached XP level 4. HP: 26/30 MP: 1/9
  1001 | D:2      | Learned a level 3 spell: Inner Flame
  1027 | D:2      | Found a sparkling altar of Nemelex Xobeh.
  1085 | D:2      | Found a faded altar of an unknown god.
  1196 | D:2      | Noticed Natasha
  1203 | D:2      | Killed Natasha
  1308 | D:2      | Reached skill level 1 in Hexes
  1343 | D:2      | Reached skill level 2 in Hexes
  1343 | D:2      | Reached XP level 5. HP: 31/35 MP: 2/11
  1423 | D:2      | Noticed Natasha
  1428 | D:2      | Killed Natasha
  1428 | D:2      | Reached skill level 3 in Hexes
  1453 | D:2      | Found a sparkling altar of Nemelex Xobeh.
  1544 | D:2      | Found a faded altar of an unknown god.
  2056 | D:3      | Reached skill level 4 in Hexes
  2350 | D:3      | Reached XP level 6. HP: 33/41 MP: 3/13
  2774 | D:4      | Found a hide-covered altar of Uskayaw.
  2833 | D:4      | Reached skill level 5 in Spellcasting
  3051 | D:4      | Found Qymuarar's Weapon Boutique.
  3183 | D:4      | Found an iron altar of Okawaru.
  3322 | D:4      | Found a blossoming altar of Fedhas.
  3468 | D:4      | Found a staircase to the Ecumenical Temple.
  3471 | D:4      | Reached XP level 7. HP: 46/46 MP: 10/16
  3495 | Temple   | Entered the Ecumenical Temple
  3527 | Temple   | Became a worshipper of Gozag Ym Sagoz the Greedy
  3856 | D:5      | Entered Level 5 of the Dungeon
  3894 | D:5      | Got a jewelled helmet
  3904 | D:5      | Identified the -2 helmet of Salvation {-Tele +Inv rPois
                  | MR++ rCorr} (You found it on level 5 of the Dungeon)
  3928 | D:5      | Learned a level 3 spell: Tukima's Dance
  3932 | D:5      | Learned a level 3 spell: Dazzling Flash
  3935 | D:5      | Learned a level 2 spell: Ensorcelled Hibernation
  4248 | D:5      | Noticed Dowan
  4251 | D:5      | Noticed Duvessa
  4260 | D:5      | Killed Dowan
  4265 | D:5      | HP: 1/46 [Duvessa (18)]
  4266 | D:5      | Killed Duvessa
  4633 | D:5      | Reached XP level 8. HP: 52/52 MP: 11/20
  4782 | D:6      | Reached skill level 1 in Fighting
  4782 | D:6      | Reached skill level 1 in Shields
  4831 | D:6      | Got a warped leather armour
  4841 | D:6      | Identified the +0 leather armour "Zianitom" {Int+4} (You
                  | found it on level 6 of the Dungeon)
  5220 | D:6      | Found a bloodstained altar of Trog.
  5509 | D:6      | Found a blossoming altar of Fedhas.
  5794 | D:7      | Reached skill level 1 in Ice Magic
  5840 | D:7      | Noticed a hippogriff
  5845 | D:7      | Killed a hippogriff
  5845 | D:7      | Reached skill level 5 in Hexes
  5845 | D:7      | Reached XP level 9. HP: 45/63 MP: 8/21
  6088 | D:4      | Bought the +6 rapier of Distant Shores {pain, rPois rF+ rC+
                  | SInv} for 763 gold pieces
  6459 | D:7      | Found a shimmering altar of Xom.
  6786 | D:8      | Found a transporter.
  6809 | D:8      | Noticed Psun's ghost (novice DDAs)
  6915 | D:8      | Found a transporter.
  7028 | D:8      | Found a staircase to the Lair.
  7275 | D:9      | Noticed a two-headed ogre
  7283 | D:9      | Killed a two-headed ogre
  7283 | D:9      | Reached skill level 6 in Hexes
  7354 | D:9      | Reached skill level 7 in Hexes
  7555 | D:9      | Reached skill level 5 in Dodging
  7689 | D:9      | Found a shattered altar of Ashenzari.
  7707 | D:9      | Found a bloodstained altar of Trog.
  7707 | D:9      | Found a sacrificial altar of Ru.
  7717 | D:9      | Reached XP level 10. HP: 70/70 MP: 9/22
  8039 | D:10     | Entered Level 10 of the Dungeon
  8042 | D:10     | Noticed a two-headed ogre
  8052 | D:10     | Killed a two-headed ogre
  8659 | D:10     | Reached skill level 8 in Hexes
  8659 | D:10     | Reached skill level 5 in Fire Magic
  8760 | D:10     | Bought a creamy pearl robe for 171 gold pieces
  8770 | D:10     | Identified the +2 robe of Pialystuff {+Fly rC++ Int+4
                  | Dex+2} (You bought it in a shop on level 10 of the Dungeon)
  8896 | D:11     | Found a snail-covered altar of Cheibriados.
  9038 | D:11     | Reached skill level 5 in Ice Magic
  9165 | D:11     | Reached skill level 9 in Hexes
  9211 | D:11     | Found a flagged portal.
  9225 | Bailey   | Entered a bailey
  9475 | Bailey   | Noticed an orc knight
  9507 | Bailey   | Killed an orc knight
  9938 | D:11     | Reached XP level 11. HP: 64/75 MP: 16/23
 10487 | D:11     | Reached skill level 10 in Hexes
 10670 | D:12     | Reached skill level 5 in Conjurations
 10681 | D:12     | Noticed a two-headed ogre
 10708 | D:12     | Killed a two-headed ogre
 10736 | D:13     | Noticed a centaur warrior
 10749 | D:13     | Killed a centaur warrior
 11028 | D:12     | Reached skill level 11 in Hexes
 11096 | D:12     | Noticed a deep elf mage
 11100 | D:12     | Killed a deep elf mage
 11194 | D:10     | Bought a smoking ring mail for 270 gold pieces
 11194 | D:10     | Bought a shiny buckler for 225 gold pieces
 11204 | D:10     | Identified the +0 ring mail "Mejehurph" {*Drain Regen+
                  | rCorr Str+4} (You bought it in a shop on level 10 of the
                  | Dungeon)
 11276 | D:12     | Found a staircase to the Orcish Mines.
 12058 | Lair:1   | Entered Level 1 of the Lair of Beasts
 12110 | Lair:1   | Reached XP level 12. HP: 81/81 MP: 13/24
 12373 | Lair:1   | Reached skill level 12 in Hexes
 12376 | Lair:1   | Noticed a five-headed hydra
 12388 | Lair:1   | Killed a five-headed hydra
 12774 | Lair:1   | Got a twisted flail
 12774 | Lair:1   | Identified the +9 flail "Ere Ink" {drain, rF++} (You found
                  | it on level 1 of the Lair of Beasts)
 12812 | Lair:1   | Reached skill level 10 in Dodging
 12815 | Lair:1   | Identified a scroll of acquirement
 12819 | Lair:1   | Bought a book of Fire for 975 gold pieces
 12819 | Lair:1   | Bought a manual of Charms for 1656 gold pieces
 12819 | Lair:1   | Bought a book of Frost for 525 gold pieces
 12824 | Lair:1   | Learned a level 4 spell: Hailstorm
 12832 | Lair:1   | Learned a level 7 spell: Ring of Flames
 13060 | Lair:1   | Reached skill level 1 in Charms
 13403 | Lair:2   | Reached skill level 13 in Hexes
 13448 | Lair:2   | Noticed Maggie
 13454 | Lair:2   | Killed Maggie
 13467 | Lair:2   | Noticed a four-headed hydra
 13504 | Lair:2   | Killed a four-headed hydra
 13963 | Lair:2   | Reached skill level 5 in Charms
 14766 | Lair:3   | Reached XP level 13. HP: 68/68 MP: 0/25
 15090 | Lair:3   | Got a heavily runed scale mail
 15100 | Lair:3   | Identified the cursed +0 scale mail "Ilaid" {rF+ rC+ Str+2}
                  | (You found it on level 3 of the Lair of Beasts)
 15258 | Lair:3   | Found a hole to the Spider Nest.
 15349 | Lair:3   | Found a staircase to the Swamp.
 16214 | Lair:4   | Got a sparkling ivory ring
 16216 | Lair:4   | Identified the ring "Zaomuj" {rPois rC+ Int+2} (You found
                  | it on level 4 of the Lair of Beasts)
 17614 | Lair:5   | Found a glowing silver altar of Zin.
 18085 | Lair:6   | Entered Level 6 of the Lair of Beasts
 18168 | Lair:6   | Got a warped plate armour
 18178 | Lair:6   | Identified the +6 plate armour of the Cricket {Regen+} (You
                  | found it on level 6 of the Lair of Beasts)
 18557 | Lair:6   | Reached skill level 10 in Ice Magic
 18788 | Lair:6   | HP: 2/68 [spriggan rider/+0 spear (14)]
 18800 | Lair:6   | Reached skill level 10 in Charms
 19896 | Lair:6   | Found a staircase to the Slime Pits.
 20163 | Lair:6   | Reached XP level 14. HP: 72/74 MP: 19/26
 20727 | Slime:1  | Entered Level 1 of the Pits of Slime
 20749 | Slime:1  | Gained mutation: You are weak. (Str -2) [a shining eye]
 20750 | Slime:1  | Noticed an azure jelly
 20756 | Slime:1  | Gained mutation: Armour fits poorly on your strangely
                  | shaped body. [a shining eye]
 20860 | Slime:1  | Killed an azure jelly
 20860 | Slime:1  | Killed from afar by an azure jelly

Levels and vault maps discovered:
D:1:      dpeg_arrival_radiant, layout_rooms
D:2:      layout_loops_ring, nemelex_xobeh_ov_fountains_minmay,
          chequers_ecumenical_altar_grove, hangedman_decor_push, uniq_natasha,
          uniq_robin
D:3:      layout_loops_ring
D:4:      layout_loops_cross, nicolae_overflow_crystal_walls,
          eat_drink_and_be_merry_uskayaw, minmay_temple_entry_nine_rooms,
          serial_shops, shop_fountains, chequers_serial_rivers_small_a,
          fedhas_altar_4
D:5:      cheibrodos_thug_alley, layout_basic, first_ration, st_stairs_1,
          uniq_duvessa
D:6:      layout_basic, kennysheep_mini_moat, roderic_lattice_a,
          trog_three_pillars_becter
D:7:      layout_rooms, kennysheep_little_box
D:8:      layout_loops_ring, lair_entry_dummy, gammafunk_ghost_mausoleum
D:9:      layout_big_octagon, cheibrodos_ashenzari_chains,
          grunt_temple_overflow_open, hangedman_pestilent_swarm
D:10:     layout_gridville
D:11:     layout_basic, enter_bailey_2, cheibriados_altar_1
D:12:     layout_rooms, erik_orc_4, chequers_arboretum
D:13:     erik_rubicon_a, layout_basic, david_vaults_2, enter_trove_5,
          minmay_librarian
Temple:   minmay_temple_curvy_branch
Lair:1:   layout_gridlike
Lair:2:   layout_loops_ring, minmay_lair_oklob_chamber, grunt_megastairs_4,
          uniq_maggie
Lair:3:   beast_lair_carwin_large_4, layout_chaotic_city, swamp_mist,
          nicolae_spider_entry_non_spiders, nicolae_quartered_pool_super
Lair:4:   layout_layer_cave, infiniplex_staircase_pool_2
Lair:5:   layout_big_grid, chequers_serial_rivers_small_3, lemuel_centaur_altar
Lair:6:   minmay_lair_end_enchanted_forest, layout_cave_pods,
          dpeg_slime_entry_corner, minivault_25, pond, grunt_megastairs_1
Slime:1:  cheibrodos_slime_lost_civilization_9, layout_caves

Skill      XL: |  1  2  3  4  5  6  7  8  9 10 11 12 13 14 |
---------------+-------------------------------------------+-----
Conjurations   | 1 3 4 6 8 |  8.3
Spellcasting   | 3 4 6 8 |  8.0
Fire Magic     | 3 4 5 6 7 |  7.9
Hexes          | 2 4 5 7 9 11 13 | 13.0
Fighting       | 3 |  3.0
Shields        | 4 |  4.0
Ice Magic      | 1 3 5 7 9 10 | 10.6
Dodging        | 3 5 7 8 10 | 10.0
Charms         | 6 10 11 | 11.0
Stealth        | |  3.0

Action                   |  1- 3 |  4- 6 |  7- 9 | 10-12 | 13-15 || total
-------------------------+-------+-------+-------+-------+-------++-------
Melee: Dagger            |    41 |    35 |       |       |       ||    76
       Bite              |     4 |     4 |     1 |     5 |     5 ||    19
       Unarmed           |     1 |       |       |       |       ||     1
       Mace              |       |     8 |     8 |       |       ||    16
       Rapier            |       |       |     7 |    43 |       ||    50
       Flail             |       |       |       |    16 |    46 ||    62
Throw: Stone             |     1 |    11 |       |       |       ||    12
       Boomerang         |       |       |       |     3 |    24 ||    27
       Dart              |       |       |       |     5 |    10 ||    15
 Cast: Foxfire           |    54 |   102 |   171 |   312 |   166 ||   805
       Inner Flame       |       |    10 |    54 |   151 |    98 ||   313
       Tukima's Dance    |       |       |     7 |     7 |     1 ||    15
       Ensorcelled Hiber |       |       |     8 |    12 |     3 ||    23
       Dazzling Flash    |       |       |       |     2 |     1 ||     3
       Hailstorm         |       |       |       |    10 |    23 ||    33
Invok: Call Merchant     |       |       |       |     2 |       ||     2
       Potion Petition   |       |       |       |     1 |       ||     1
 Abil: Exsanguinate      |       |       |       |     1 |       ||     1
Evoke: Wand              |       |       |     1 |     4 |     1 ||     6
  Use: Potion            |       |       |     3 |     2 |     3 ||     8
       Scroll            |       |       |       |    12 |     5 ||    17
 Stab: Sleeping          |     3 |     3 |     1 |     4 |     3 ||    14
       Distracted        |       |       |       |     2 |       ||     2
Armor: Robe              |     6 |       |       |     8 |    10 ||    24
       Animal skin       |     2 |    28 |     7 |     2 |       ||    39
       Ring mail         |       |       |       |     9 |     1 ||    10
       Scale mail        |       |       |       |       |     7 ||     7
Dodge: Dodged            |    26 |    39 |    25 |   117 |    66 ||   273
Block: Buckler           |       |       |     6 |    61 |    22 ||    89
       Reflection        |       |       |       |       |     3 ||     3

Table legend:
 A = Non-vault XP
 B = Vault XP
 C = Vault XP percentage of total XP
 D = Non-vault monster count
 E = Vault monster count
 F = Vault count percentage of total count
                 A         B        C        D         E       F
            +---------+---------+-------+---------+---------+-------
      Total |   48361 |   19980 |  29.2 |     391 |     181 |  31.6
            +---------+---------+-------+---------+---------+-------
        D:1 |      25 |      16 |  39.0 |      16 |       1 |   5.9
        D:2 |     149 |      57 |  27.7 |      22 |      11 |  33.3
        D:3 |     180 |       0 |   0.0 |      34 |       0 |   0.0
        D:4 |     316 |       0 |   0.0 |      24 |       0 |   0.0
        D:5 |     270 |     455 |  62.8 |      15 |      14 |  48.3
        D:6 |    1035 |       0 |   0.0 |      24 |       0 |   0.0
        D:7 |    1085 |       0 |   0.0 |      19 |       0 |   0.0
        D:8 |     229 |       0 |   0.0 |      11 |       0 |   0.0
        D:9 |    1367 |     490 |  26.4 |      13 |       4 |  23.5
       D:10 |    2212 |       0 |   0.0 |      22 |       0 |   0.0
       D:11 |    4175 |       0 |   0.0 |      34 |       0 |   0.0
       D:12 |    6894 |     488 |   6.6 |      37 |      17 |  31.5
       D:13 |    1213 |       0 |   0.0 |       6 |       0 |   0.0
     Lair:1 |    6095 |       0 |   0.0 |      26 |       0 |   0.0
     Lair:2 |    7119 |    1764 |  19.9 |      31 |       6 |  16.2
     Lair:3 |    1638 |    3032 |  64.9 |      12 |      24 |  66.7
     Lair:4 |    3206 |       0 |   0.0 |      12 |       0 |   0.0
     Lair:5 |    5173 |     610 |  10.5 |      14 |       5 |  26.3
     Lair:6 |    4681 |   12196 |  72.3 |      16 |      65 |  80.2
    Slime:1 |    1299 |       0 |   0.0 |       3 |       0 |   0.0
     Bailey |       0 |     872 | 100.0 |       0 |      34 | 100.0
            +---------+---------+-------+---------+---------+-------
